Map: At Eternity's Edge LE

Players

naane - Winner!

  • Race: Protoss Protoss

VOD

Have the link to the VOD?

Description

Time

  • Played on: Aug. 22, 2026, 4:24 p.m.
  • Length: 16:26
Show
View Real Time Build Order
Export as new Build Order

naane Protoss - Winner!

Build Orders:  

Get SALT Encoding   

  8  0:02  Probe (Chrono Boost)  
  9  0:13  Probe (Chrono Boost)  
  10  0:24  Probe (Chrono Boost)  
  12  0:41  Probe (Chrono Boost)  
  12  0:51  Pylon  
  12  0:58  Probe (Chrono Boost)  
  13  1:18  Probe (Chrono Boost)  
  14  1:28  Gateway  
  14  1:29  Probe (Chrono Boost)  
  15  1:41  Probe (Chrono Boost)  
  16  1:50  Assimilator  
  16  1:55  Probe (Chrono Boost)  
  17  2:07  Pylon  
  17  2:12  Probe (Chrono Boost)  
  18  2:29  Probe (Chrono Boost)  
  19  2:35  Zealot  
  21  2:46  Probe (Chrono Boost)  
  21  2:48  Assimilator  
  22  2:55  Cybernetics Core  
  22  2:57  Probe (Chrono Boost)  
  22  3:09  Probe (Chrono Boost)  
  23  3:15  Pylon  
  24  3:23  Probe (Chrono Boost)  
  26  3:40  Probe (Chrono Boost)  
  26  3:55  Forge  
  26  3:57  Probe (Chrono Boost)  
  26  3:59  Zealot  
  29  4:14  Probe (Chrono Boost)  
  29  4:30  Probe (Chrono Boost)  
  29  4:45  Probe  
  29  4:46  Protoss Ground Weapons Level 1 (Chrono Boost)  
  30  5:01  Warp Gate (Chrono Boost)  
  30  5:02  Probe  
  30  5:04  Nexus  
  31  5:23  Probe  
  32  5:32  Zealot  
  32  5:34  Pylon  
  34  5:40  Probe  
  35  6:09  Nexus  
  35  6:12  Probe  
  38  6:29  Probe  
  37  6:45  Probe  
  37  6:46  Probe  
  39  7:02  Probe  
  40  7:14  Pylon  
  40  7:18  Pylon, Probe  
  40  7:19  Probe  
  42  7:23  Pylon  
  42  7:27  Pylon  
  42  7:33  Assimilator  
  42  7:34  Pylon  
  42  7:35  Probe  
  42  7:36  Assimilator  
  42  7:39  Pylon  
  43  7:45  Pylon  
  43  7:47  Gateway  
  43  7:48  Probe (Chrono Boost)  
  43  7:50  Pylon x2  
  43  7:52  Probe (Chrono Boost)  
  43  7:55  Probe (Chrono Boost)  
  43  7:56  Pylon  
  46  8:00  Pylon  
  46  8:26  Zealot  
  48  8:45  Gateway  
  48  8:47  Gateway  
  48  8:49  Gateway  
  48  8:51  Gateway  
  48  8:55  Gateway  
  48  8:58  Gateway  
  48  9:09  Twilight Council  
  51  9:20  Probe x3 (Chrono Boost)  
  51  9:23  Robotics Facility  
  51  9:37  Probe x3 (Chrono Boost)  
  54  9:54  Zealot x3, Probe (Chrono Boost)  
  54  9:55  Zealot x2  
  54  9:58  Zealot  
  57  10:00  Probe x2 (Chrono Boost)  
  57  10:04  Zealot  
  57  10:05  Zealot  
  56  10:11  Probe (Chrono Boost)  
  56  10:17  Probe x2 (Chrono Boost)  
  66  10:26  Probe (Chrono Boost)  
  55  11:11  Stalker x3  
  55  11:12  Stalker x4  
  67  11:34  Charge (Chrono Boost)  
  65  11:43  Immortal  
  69  12:04  Probe x2  
  69  12:09  Pylon  
  71  12:21  Robotics Bay  
  71  12:38  Warp Prism, Gateway  
  73  12:43  Stalker x3  
  73  12:44  Stalker x3  
  73  12:45  Stalker  
  73  12:49  Nexus  
  87  13:28  Immortal  
  89  13:52  Pylon  
  87  14:23  Immortal  
  87  14:29  Gateway  
  91  14:33  Stalker x4  
  91  14:34  Stalker x3  
  103  15:07  Stalker x4  
  103  15:08  Stalker x3  
  117  15:33  Blink (Chrono Boost)  
  117  15:51  Stalker x3  
  117  15:52  Stalker x3  
  117  15:53  Stalker  
Tags
 
Add a new tag
Caveats
  • Supply blocks, unpowered buildings, or Contaminate may cause inaccurate times.
  • Supply counts are checked every 10 seconds.